 Dungeon Crawl Stone Soup version 0.20-a0-971-g5896763 (webtiles) character file.

2596 Koga the Basher (level 9, -3/65 HPs)
             Began as a Formicid Fighter on Apr 8, 2017.
             Was an Initiate of Okawaru.
             Slain by an orc warrior
             ... wielding a +1 war axe of chopping
              (14 damage)
             ... on level 7 of the Dungeon.
             The game lasted 00:20:53 (7704 turns).

Koga the Basher (Formicid Fighter)                  Turns: 7704, Time: 00:20:54

Health: -3/65      AC: 12    Str: 25    XL:     9   Next: 89%
Magic:  9/9        EV:  8    Int: 12    God:    Okawaru [......]
Gold:   326        SH: 12    Dex: 10    Spells: 8/8 levels left

rFire    . . .     SeeInvis +   O - +4 hand axe "Rutsui" {speed, rN+ Int+5}
rCold    + . .     Gourm    .   c - +0 shield
rNeg     + . .     Faith    .   P - +2 ring mail {rF+}
rPois    .         Spirit   .   (helmet unavailable)
rElec    .         Reflect  +   d - +0 cloak
rCorr    .         Harm     .   y - +1 pair of gloves
MR       .....                  b - +0 pair of boots
Stlth    ..........             w - +3 amulet of reflection
Regen    0.2/turn               g - ring of flight
MPRegen  0.2/turn               J - ring of ice

@: no status effects
A: permanent stasis, dig shafts and tunnels, four strong arms, antennae 3
a: Dig, Shaft Self, Renounce Religion, Evoke Flight


You were on level 7 of the Dungeon.
You worshipped Okawaru.
Okawaru was noncommittal.
You were hungry.

You visited 2 branches of the dungeon, and saw 8 of its levels.
You also visited: Sewer.

You collected 326 gold pieces.

Inventory:

Hand Weapons
 D - a +1 flail of protection
 M - a +5 club
 O - the +4 hand axe "Rutsui" (weapon) {speed, rN+ Int+5}
   (You found it in a sewer)

   Attacks with this weapon are significantly faster.
   It affects your intelligence (+5).
   It protects you from negative energy.
Missiles
 F - 57 arrows
Armour
 b - a +0 pair of boots (worn)
 c - a +0 shield (worn)
 d - a +0 cloak (worn)
 i - a +2 chain mail of cold resistance
 y - a +1 pair of gloves (worn)
 H - the +1 leather armour of Futs {rPois Str+2}
   (You found it on level 6 of the Dungeon)

   It affects your strength (+2).
   It protects you from poison.
 P - a +2 ring mail of fire resistance (worn)
Jewellery
 g - a ring of flight (left hand)
 w - a +3 amulet of reflection (around neck)
 A - an uncursed amulet of the gourmand
 J - a ring of ice (right hand)
Wands
 r - a wand of lightning (7/15)
 G - a wand of random effects (17/48)
 L - a wand of flame (27/48)
Scrolls
 a - 3 scrolls of amnesia {unknown}
 e - 2 scrolls of remove curse
 j - 2 scrolls of immolation {unknown}
 l - 5 scrolls of teleportation
 m - 7 scrolls of identify {unknown}
 B - 2 scrolls of fear {unknown}
 C - a scroll of noise {unknown}
 E - a scroll of random uselessness {unknown}
 K - a scroll of torment {unknown}
 N - a scroll of magic mapping {unknown}
Potions
 k - a potion of lignification {unknown}
 n - 7 potions of flight
 q - a potion of brilliance {unknown}
 s - a potion of resistance {unknown}
 u - a potion of mutation {unknown}
 v - a potion of agility {unknown}
 x - 2 potions of degeneration {unknown}
 z - a potion of haste {unknown}
Comestibles
 f - 4 bread rations
 h - 3 royal jellies
 p - 11 fruits
 t - 2 meat rations


   Skills:
 - Level 3.8 Fighting
   Level 8.7 Long Blades
 + Level 2.7(6.2) Axes
 - Level 8.8(9.0) Maces & Flails
 - Level 3.2 Armour
 - Level 3.6 Shields


You had 8 spell levels left.
You didn't know any spells.

Dungeon Overview and Level Annotations

Branches:
Dungeon (7/15)             Temple (1/1) D:6

Altars:
Ashenzari
Cheibriados
Dithmenos
Elyvilon
Fedhas
Gozag
Hepliaklqana
Kikubaaqudgha
Makhleb
Okawaru
Qazlal
Ru
Sif Muna
Uskayaw
Wu Jian
Xom
Yredelemnul
Zin
The Shining One


Innate Abilities, Weirdness & Mutations

You cannot be hasted, slowed, berserked, paralysed or teleported.
You can dig through walls and to a lower floor.
Your four strong arms can wield two-handed weapons with a shield.
You have a pair of large antennae on your head. (SInv)


Message History

You extend your mandibles.
You dig through the rock wall.
You dig through the rock wall.
You dig through the rock wall.
You dig through the rock wall.
You dig through the rock wall.
You dig through the rock wall.
The orc warrior hits you with a war axe of chopping!
* * * LOW HITPOINT WARNING * * *
x2 You dig through the rock wall.
You are feeling hungry.
You dig through the rock wall.
You dig through the rock wall.
Okay, then.
You feel better. You block the orc warrior's attack.
You retract your mandibles.
You hit the orc warrior but do no damage.
The orc warrior is severely wounded.
The orc warrior hits you with a war axe of chopping!
You die...

'..........)).#≈....§§#.'........
####.....##)(.#≈.....≈#.#........
# ##...###..†'...≈...'.##.......
#...# #..##≈.....≈#####.....#
#...###..##≈.....≈# ##...##
#....[..(##≈≈≈≈≈≈§#######'##.
###.###############.......##.
#.########## #.#####..##.
#.#oo.o.oo@# ##.#####..##.
#..######### #............
#######.## #..#..#......
o.oo.o..# .#..##...#. #########
.........### .# .....###.# .#
#.###. #.# .# #. #. #.# ## # #.
#.#


You could see an orc warrior and 4 orcs.

Vanquished Creatures
  A hippogriff (D:6)
  The ghost of Tux the Skirmisher, an amateur VSMo (D:3)
  Edmund (D:4)
  Duvessa (D:6)
  A sky beast (D:4)
  2 ice beasts (D:5)
  3 centaurs
  An ogre (D:5)
  2 necrophages
  A big kobold (D:7)
  Dowan (D:6)
  A howler monkey (D:4)
  3 crimson imps (D:5)
  A bullfrog zombie (D:7)
  6 orc priests
  A jelly (D:7)
  A quasit (D:5)
  A bullfrog skeleton (D:5)
  Ijyb (D:5)
  Terence (D:2)
  A merfolk siren (Sewer)
  5 orc wizards
  8 worker ants
  A merfolk avatar (Sewer)
  A gnoll (D:1)
  8 adders
  A river rat (Sewer)
  2 shadow imps
  An adder skeleton (D:6)
  A dart slug (D:3)
  4 leopard geckos
  21 orcs
  8 ball pythons (Sewer)
  9 giant cockroaches
  9 goblins
  7 hobgoblins
  16 jackals
  2 quokkas
  6 bats
  8 frilled lizards
  2 goblin skeletons (D:6)
  4 hobgoblin zombies (D:6)
  9 kobolds
  A leopard gecko zombie (D:7)
  3 orc skeletons (D:6)
  An orc zombie (D:6)
  44 rats
214 creatures vanquished.

Vanquished Creatures (others)
  A rat (D:2)
1 creature vanquished.

Grand Total: 215 creatures vanquished

Notes
Turn   | Place    | Note
-------+----------+-------------------------------------------
     0 | D:1      | Koga the Formicid Fighter began the quest for the Orb.
     0 | D:1      | Reached XP level 1. HP: 18/18 MP: 1/1
    75 | D:1      | Reached XP level 2. HP: 24/24 MP: 2/2
   245 | D:1      | Reached XP level 3. HP: 29/29 MP: 3/3
   711 | D:2      | Reached XP level 4. HP: 35/35 MP: 4/4
   766 | D:2      | Noticed Terence
   779 | D:2      | Killed Terence
  1014 | D:2      | Found an opulent altar of Gozag.
  1060 | D:2      | Found a white marble altar of Elyvilon.
  1189 | D:3      | Reached XP level 5. HP: 41/41 MP: 5/5
  1445 | D:3      | Reached skill level 5 in Long Blades
  1723 | D:2      | Reached XP level 6. HP: 9/47 MP: 6/6
  2175 | D:3      | Noticed Tux's ghost (amateur VSMo)
  2187 | D:3      | Killed Tux's ghost
  2187 | D:3      | Reached XP level 7. HP: 20/52 MP: 7/7
  3843 | D:4      | Reached XP level 8. HP: 55/58 MP: 8/8
  3908 | D:4      | Noticed Edmund
  3927 | D:4      | Killed Edmund
  4139 | D:4      | You fall through a shaft for 2 floors!
  4257 | D:6      | Got a pitted leather armour
  4268 | D:6      | Identified the +1 leather armour of Futs {rPois Str+2} (You found it on level 6 of the Dungeon)
  4352 | D:6      | Found a sacrificial altar of Ru.
  4388 | D:6      | Noticed Duvessa
  4389 | D:6      | Noticed Dowan
  4406 | D:6      | Killed Duvessa
  4423 | D:6      | Killed Dowan
  4440 | D:6      | Reached skill level 5 in Maces & Flails
  4563 | D:6      | Reached XP level 9. HP: 56/64 MP: 9/9
  4578 | D:6      | Found a glowing golden altar of the Shining One.
  4606 | D:5      | Entered Level 5 of the Dungeon
  5029 | D:5      | Noticed Ijyb
  5037 | D:5      | Killed Ijyb
  5096 | D:5      | Found a glowing drain.
  5102 | Sewer    | Entered a sewer
  5574 | Sewer    | Got a polished hand axe
  5575 | Sewer    | Identified the +4 hand axe "Rutsui" {speed, rN+ Int+5} (You found it in a sewer)
  6258 | D:5      | Found a shimmering altar of Xom.
  6258 | D:5      | Found a burning altar of Makhleb.
  6945 | D:6      | Found a staircase to the Ecumenical Temple.
  6954 | Temple   | Entered the Ecumenical Temple
  6981 | Temple   | Became a worshipper of Warmaster Okawaru
  7083 | D:6      | Found a deep blue altar of Sif Muna.
  7156 | D:6      | Noticed a hippogriff
  7176 | D:6      | Killed a hippogriff
  7345 | D:6      | Found an ornate altar of the Wu Jian Council.
  7414 | D:7      | Reached skill level 1 in Axes
  7699 | D:7      | HP: 2/64 [orc warrior/war axe of chopping (4)]
  7704 | D:7      | Slain by an orc warrior

Vault maps used:
D:1:      matt_arrival_grand_opening
D:2:      elyvilon_altar_4, lemuel_crystal_altar, serial_bayou_pond_a,
          hangedman_decor_diamond_cutter, minmay_rat_hole, uniq_terence
D:4:      first_bread, uniq_edmund
D:5:      kennysheep_spiral_hall, grunt_temple_overflow_champion_of_chaos,
          portal_sewer_entry_e, uniq_iyjb
D:6:      nicolae_tso_besieged_by_evil, marbit_many_paths,
          kennysheep_little_box, lemuel_coloured_pillars_altar,
          minmay_temple_entry_poolview, hangedman_decor_growths, uniq_duvessa
D:7:      serial_shops, nicolae_shop_window_shopping, grunt_ogre_cave,
          kennysheep_generic_room_9
Temple:   minmay_temple_bridge_abc
Sewer:    sewer_sea

Skill      XL: |  1  2  3  4  5  6  7  8  9 |
---------------+----------------------------+-----
Long Blades    | 3 4 5 7 8 |  8.7
Maces & Flails | 5 8 |  8.8
Axes           | 2 |  2.7
Fighting       | |  3.8
Armour         | |  3.2
Shields        | |  3.6

Action                   |  1- 3 |  4- 6 |  7- 9 || total
-------------------------+-------+-------+-------++-------
Melee: Long sword        |    97 |   186 |   157 ||   440
       Flail             |       |       |   231 ||   231
       Club              |       |       |   287 ||   287
       Hand axe          |       |       |    55 ||    55
 Abil: Dig               |       |     5 |     4 ||     9
  Use: Potion            |       |     1 |     1 ||     2
       Scroll            |       |       |     2 ||     2
  Eat: Chunk             |       |     6 |     6 ||    12
       Bread ration      |       |       |     3 ||     3
Armor: Scale mail        |    33 |       |       ||    33
       Chain mail        |    37 |    46 |   357 ||   440
       Ring mail         |       |    50 |    15 ||    65
Dodge: Dodged            |    27 |    63 |   159 ||   249
Block: Shield            |    46 |   138 |   463 ||   647
       Reflection        |       |       |     9 ||     9
       Rpst.: Long sword |     9 |    16 |    11 ||    36
